Map: Alcyone LE

Players

James

  • Race: Protoss Protoss
  • League: Master
  • Spawn Location: 7:00

NoCantMakeMe - Winner!

  • Race: Zerg Zerg
  • League: Master
  • Spawn Location: 1:00

VOD

Have the link to the VOD?

Description

Time

  • Played on: Aug. 19, 2024, 3:26 a.m.
  • Length: 12:31
Show
View Real Time Build Order
Export as new Build Order

James Protoss 

Build Orders: Oracle Opening 

Get SALT Encoding   

  12  0:00  Probe  
  13  0:13  Probe  
  14  0:21  Pylon  
  14  0:25  Probe  
  15  0:39  Probe (Chrono Boost)  
  15  0:40  Gateway  
  16  0:48  Probe (Chrono Boost)  
  17  0:53  Probe (Chrono Boost)  
  17  0:56  Assimilator  
  18  1:05  Probe, Assimilator  
  19  1:17  Probe  
  20  1:24  Gateway  
  20  1:30  Cybernetics Core  
  20  1:31  Probe  
  21  1:43  Probe  
  21  1:46  Pylon  
  22  1:55  Probe  
  23  2:07  Probe  
  24  2:08  Adept x2 (Chrono Boost)  
  24  2:12  Warp Gate  
  28  2:31  Nexus  
  28  2:38  Pylon  
  28  2:40  Sentry  
  28  2:43  Probe  
  30  2:55  Probe  
  30  2:56  Stalker  
  33  3:06  Stargate  
  33  3:09  Probe  
  34  3:21  Probe  
  35  3:27  Robotics Facility  
  36  3:34  Probe (Chrono Boost)  
  36  3:43  Probe (Chrono Boost)  
  36  3:47  Probe (Chrono Boost)  
  38  3:49  Oracle  
  38  3:53  Probe (Chrono Boost)  
  38  3:55  Probe (Chrono Boost)  
  43  4:02  Shield Battery  
  43  4:11  Shield Battery  
  43  4:44  Zealot x2  
  43  4:45  Probe (Chrono Boost)  
  49  4:51  Probe (Chrono Boost)  
  49  4:54  Probe (Chrono Boost)  
  49  4:58  Probe (Chrono Boost), Gateway  
  49  4:59  Probe (Chrono Boost)  
  51  5:04  Phoenix (Chrono Boost)  
  54  5:24  Pylon  
  54  5:26  Pylon  
  54  5:39  Warp Prism (Chrono Boost)  
  58  5:42  Probe x2  
  58  5:44  Nexus  
  58  5:46  Pylon  
  58  5:54  Probe x2  
  60  6:03  Assimilator x2  
  60  6:07  Probe x2, Immortal (Chrono Boost)  
  66  6:11  Zealot, Adept  
  66  6:14  Shield Battery  
  66  6:17  Forge  
  70  6:19  Probe x2  
  72  6:31  Probe x2  
  74  6:34  Gateway x2  
  74  6:37  Twilight Council  
  74  6:42  Pylon  
  74  6:43  Probe x2  
  74  6:46  Observer (Chrono Boost)  
  77  6:55  Probe  
  77  6:59  Adept  
  77  7:00  Adept x2  
  84  7:10  Probe  
  77  7:18  Probe x2  
  77  7:19  Immortal (Chrono Boost)  
  77  7:21  Assimilator  
  77  7:22  Probe  
  84  7:23  Assimilator  
  84  7:30  Probe x2  
  84  7:34  Probe  
  84  7:35  Adept x2  
  91  7:37  Zealot x2  
  92  7:44  Immortal (Chrono Boost)  
  94  7:53  Zealot  
  86  7:58  Photon Cannon  
  86  7:59  Shield Battery  
  84  8:06  Shield Battery  
  84  8:08  Photon Cannon  
  84  8:09  Pylon  
  84  8:12  Protoss Ground Weapons Level 1 (Chrono Boost), Photon Cannon  
  83  8:13  Photon Cannon  
  83  8:14  Templar Archives  
  83  8:17  Probe x2  
  83  8:18  Pylon  
  85  8:20  Observer  
  80  8:41  Zealot x3  
  80  8:42  Zealot  
  80  8:43  Immortal (Chrono Boost)  
  84  9:01  Zealot x3  
  84  9:02  Zealot  
  71  9:26  Cybernetics Core  
  67  9:34  Photon Cannon  
  67  9:36  High Templar x2, Psionic Storm  
  69  9:50  Oracle  
  65  10:04  Shield Battery  
  65  10:06  Pylon  
  61  10:10  Probe  
  62  10:14  Shield Battery  
  62  10:16  Pylon  
  58  10:21  Zealot  
  58  10:22  Zealot  
  58  10:23  Archon  
  58  10:25  Probe x2  
  29  10:42  High Templar x2  
  24  10:53  Shield Battery  
  24  10:54  Photon Cannon  
  23  11:22  Cybernetics Core  
  23  11:33  Observer  
  23  11:47  High Templar x2  
  27  11:59  Nexus  
  27  12:00  Pylon  
  27  12:18  Gateway  
  27  12:19  High Templar  
  27  12:20  Gateway  
  28  12:25  Archon  
  28  12:26  Archon  
Show
View Real Time Build Order
Export as new Build Order

NoCantMakeMe Zerg - Winner!

Build Orders: Pool First, Lurkers 

Get SALT Encoding   

  12  0:00  Drone  
  13  0:13  Overlord  
  13  0:19  Drone  
  14  0:33  Drone  
  14  0:34  Drone, Extractor  
  15  0:35  Drone  
  16  0:49  Spawning Pool  
  16  0:50  Drone  
  16  0:58  Drone  
  17  1:08  Drone  
  18  1:19  Drone  
  19  1:29  Hatchery  
  19  1:31  Drone  
  19  1:38  Queen  
  21  1:48  Metabolic Boost  
  21  1:51  Zergling x2  
  22  1:57  Overlord  
  22  1:58  Extractor  
  21  2:01  Drone  
  23  2:19  Lair  
  23  2:33  Zergling x2  
  24  2:39  Zergling x4  
  24  2:42  Hatchery  
  25  2:49  Queen  
  27  2:53  Zergling x2  
  27  2:54  Zergling x2  
  27  2:57  Zergling x2  
  30  3:02  Zergling x2  
  31  3:08  Drone x2  
  31  3:10  Drone  
  34  3:24  Overlord  
  34  3:30  Drone x2  
  36  3:45  Hydralisk Den  
  36  3:47  Overlord  
  35  3:51  Drone x4  
  35  3:54  Drone x2  
  40  4:03  Drone x4  
  40  4:06  Drone  
  44  4:10  Drone  
  44  4:15  Drone x2  
  47  4:17  Drone  
  47  4:21  Drone  
  47  4:22  Drone x2  
  51  4:26  Extractor  
  49  4:32  Extractor  
  47  4:41  Spore Crawler  
  47  4:43  Spore Crawler  
  42  4:49  Spore Crawler  
  42  4:52  Drone x2  
  43  4:53  Drone x2  
  43  4:54  Drone  
  43  4:56  Overlord, Hydralisk x3  
  52  5:00  Overlord  
  52  5:02  Hydralisk  
  52  5:06  Hydralisk  
  56  5:10  Hydralisk  
  58  5:17  Grooved Spines  
  58  5:18  Hydralisk  
  58  5:20  Hydralisk  
  61  5:24  Overlord  
  61  5:26  Drone  
  61  5:27  Drone  
  63  5:28  Drone x2  
  63  5:29  Drone  
  63  5:32  Drone x2  
  63  5:34  Drone  
  69  5:37  Overseer  
  69  5:42  Drone x3  
  72  5:49  Overlord, Extractor  
  71  5:50  Overlord  
  71  5:54  Drone x3  
  74  5:58  Lurker Den, Drone  
  74  6:08  Overlord x2  
  74  6:10  Overlord  
  74  6:13  Overlord  
  74  6:16  Drone x5  
  74  6:17  Drone  
  80  6:20  Extractor x2  
  80  6:21  Hydralisk  
  80  6:22  Hydralisk  
  80  6:25  Overlord  
  82  6:28  Overlord  
  82  6:30  Drone x2  
  84  6:36  Hydralisk x2  
  88  6:40  Hydralisk  
  88  6:44  Hydralisk x2  
  88  6:45  Hydralisk  
  96  6:47  Overlord  
  96  6:56  Lurker x2  
  96  6:57  Lurker  
  96  6:59  Lurker  
  100  7:04  Overlord  
  100  7:07  Hydralisk x2  
  100  7:08  Hydralisk  
  100  7:20  Overlord  
  100  7:21  Hydralisk x3  
  100  7:22  Hydralisk  
  108  7:27  Overlord  
  108  7:30  Hydralisk x3  
  108  7:34  Hydralisk  
  116  7:37  Hydralisk  
  116  7:41  Hydralisk  
  120  7:44  Hydralisk x2  
  118  7:55  Hydralisk x3  
  124  7:59  Hydralisk  
  124  8:04  Overlord x2  
  124  8:05  Zergling x6  
  128  8:06  Zergling x2  
  128  8:07  Zergling x2  
  131  8:16  Hydralisk  
  131  8:17  Hydralisk x2  
  131  8:19  Lurker x2  
  133  8:45  Overseer  
  119  8:59  Hydralisk  
  119  9:00  Hydralisk x6  
  119  9:01  Hydralisk  
  120  9:27  Hydralisk  
  120  9:28  Hydralisk x6  
  134  9:34  Spire  
  134  9:35  Hydralisk  
  134  9:36  Hydralisk  
  137  9:47  Hydralisk x3  
  140  10:02  Hydralisk x2  
  140  10:03  Hydralisk x3  
  99  10:58  Mutalisk x5  
  99  10:59  Mutalisk x5  
  99  11:00  Mutalisk  
  121  11:10  Mutalisk  
  123  11:19  Hydralisk x4  
  123  11:24  Queen x3  
  137  11:31  Overseer x2  
  137  11:38  Mutalisk  
  139  11:45  Hatchery x2  
  137  11:59  Hatchery  
  138  12:11  Hatchery  
Tags
 
Add a new tag
Caveats
  • Supply blocks, unpowered buildings, or Contaminate may cause inaccurate times.
  • Supply counts are checked every 10 seconds.